 Dungeon Crawl Stone Soup version 0.21.0-24-g2553a33 (webtiles) character file.

134 Grimoiregrey the Changer (level 4, 0/35 HPs)
             Began as a Draconian Transmuter on Jan 21, 2018.
             Slain by a gnoll
             ... wielding a +0 spear
              (8 damage)
             ... on level 3 of the Dungeon.
             The game lasted 00:17:32 (2251 turns).

Grimoiregrey the Changer (Draconian Transmuter)     Turns: 2251, Time: 00:17:33

Health: 0/35       AC:  5    Str: 13    XL:     4   Next: 95%
Magic:  7/7        EV: 12    Int: 14    God:
Gold:   165        SH:  0    Dex: 11    Spells: 6/7 levels left

rFire    . . .     SeeInvis .     - Unarmed
rCold    . . .     Gourm    .   (no shield)
rNeg     + . .     Faith    .   (armour unavailable)
rPois    .         Spirit   .   (helmet restricted)
rElec    .         Reflect  .   (no cloak)
rCorr    .         Harm     .   (no gloves)
MR       .....                  (no boots)
Stlth    +.........             i - amulet of rage
HPRegen  0.11/turn              h - ring of positive energy
MPRegen  0.10/turn              (no ring)

@: berserk cooldown, slowed, very slow
A: unfitting armour, cold-blooded, AC +5
a: Evoke Berserk Rage


You were on level 3 of the Dungeon.
You were not hungry.

You visited 1 branch of the dungeon, and saw 4 of its levels.

You collected 165 gold pieces.

Inventory:

Missiles
 a - 12 arrows
Jewellery
 h - a ring of positive energy (left hand)
 i - an amulet of rage (around neck)
Scrolls
 d - a scroll of amnesia {unknown}
 f - a scroll of teleportation
 n - a scroll of enchant armour {unknown}
Potions
 e - a potion of curing {unknown}
 g - a potion of agility {unknown}
 j - 2 potions of haste {unknown}
 l - 2 potions of brilliance {unknown}
 m - a potion of heal wounds {unknown}
Books
 b - a book of Changes

   Spells                             Type                      Level
   a - Beastly Appendage              Transmutation                1
   b - Sticks to Snakes               Transmutation                2
   c - Spider Form                    Transmutation/Poison         3
   d - Ice Form                       Ice/Transmutation            4
   e - Blade Hands                    Transmutation                5
Comestibles
 c - 5 rations


   Skills:
 - Level 1.1 Fighting
 - Level 1.9 Dodging
 - Level 3.4 Unarmed Combat
 - Level 2.1 Spellcasting
 + Level 4.7 Transmutations


You had 6 spell levels left.
You knew the following spells:

 Your Spells              Type           Power        Failure   Level  Hunger
a - Beastly Appendage     Tmut           ##....       3%          1    ##.....


Dungeon Overview and Level Annotations

Branches:
Dungeon (4/15)
 Temple: D:4-7

Altars:


Innate Abilities, Weirdness & Mutations

Your plain brown scales are hard. (AC +5)
You cannot fit into any form of body armour.
You are cold-blooded and may be slowed by cold attacks.


Message History

The bat barely misses you. The bat hits you.
The gnoll hits you with a spear. x2
You hit the gnoll.
You tail-slap the gnoll, but do no damage.
The gnoll is heavily wounded.
Your horns disappear.
The bat barely misses you. The bat hits you but does no damage.
The gnoll hits you with a spear. The bat hits you but does no damage.
You hit the gnoll.
The gnoll is almost dead.
The bat closely misses you. The gnoll misses you.
You barely miss the gnoll.
The gnoll is almost dead.
The gnoll closely misses you. The bat hits you but does no damage.
The gnoll hits you with a spear.
* * * LOW HITPOINT WARNING * * *
The bat hits you but does no damage.
You hit the gnoll but do no damage.
The gnoll is almost dead.
The bat misses you. The gnoll hits you with a spear!
You die...

## .. #. # #. ###
######## ##. #. ..#
#.<..... .#...#. #.#
#.######
.......##.########.#
.......)@.#..<.....#
#.....##g.#)#........
##... #.b(.#.#######
###### #..
#.....(...# ......
... #......##.#
..?... #. ####.(..#
###### # ####)# # .#
.. #


You could see a gnoll and a bat.

Vanquished Creatures
  5 adders (D:2)
  2 oozes
  2 worms
  3 dart slugs (D:1)
  2 leopard geckos
  4 orcs (D:3)
  2 ball pythons
  2 giant cockroaches
  8 goblins
  3 hobgoblins
  5 jackals
  7 bats
  2 frilled lizards
  11 kobolds
  8 rats
66 creatures vanquished.

Notes
Turn   | Place    | Note
-------+----------+-------------------------------------------
     0 | D:1      | Grimoiregrey the Draconian Transmuter began the quest for the Orb.
     0 | D:1      | Reached XP level 1. HP: 16/16 MP: 3/3
    50 | D:1      | Reached XP level 2. HP: 22/23 MP: 3/5
   668 | D:1      | Reached XP level 3. HP: 27/28 MP: 4/6
   704 | D:1      | Reached skill level 3 in Transmutations
  1260 | D:2      | Reached XP level 4. HP: 23/35 MP: 5/7
  1284 | D:2      | Reached skill level 4 in Transmutations
  2251 | D:3      | Slain by a gnoll

Skill      XL: |  1  2  3  4 |
---------------+-------------+-----
Transmutations | 3 4 |  4.7
Fighting       | |  1.1
Dodging        | |  1.9
Unarmed Combat | |  3.4
Spellcasting   | |  2.1

Action                   |  1- 3 |  4- 6 || total
-------------------------+-------+-------++-------
Melee: Unarmed           |   112 |    97 ||   209
       Headbutt          |     4 |     3 ||     7
       Tailslap          |    10 |    14 ||    24
       Kick              |     4 |     7 ||    11
 Cast: Beastly Appendage |    16 |    10 ||    26
 Abil: Evoke Berserk Rag |       |     2 ||     2
  Use: Scroll            |     2 |       ||     2
  Eat: Chunk             |     1 |     4 ||     5
       Ration            |       |     1 ||     1
Armor: Skin              |    43 |    35 ||    78
Dodge: Dodged            |    97 |    89 ||   186
